 Dungeon Crawl Stone Soup version 0.31.0-11-ge490571c62 (webtiles) character file.

Game seed: 6532393035216137020

4 qw the Shooter (level 1, -2/10 HPs)
             Began as a Spriggan Hunter on Feb 5, 2024.
             Slain by a jackal (3 damage)
             ... on level 1 of the Dungeon.
             The game lasted 00:00:00 (143 turns).

qw the Shooter (Spriggan Hunter)                     Turns: 143, Time: 00:00:00

Health: -2/10      AC:  2    Str:  7    XL:     1   Next: 58%
Magic:  2/2        EV: 18    Int: 10    God:
Gold:   25         SH:  0    Dex: 18    Spells: 0/0 levels left

rFire   . . .        a - +0 shortbow
rCold   . . .        (shield currently unavailable)
rNeg    . . .        c - +0 robe
rPois   .            (helmet restricted)
rElec   .            (no cloak)
rCorr   .            (gloves unavailable)
SInv    +            (boots unavailable)
Will    .....        (no amulet)
Stlth   ++           (no ring)
HPRegen 0.21/turn    (no ring)
MPRegen 0.08/turn

%: no passive effects
@: very quick
A: very small, no large weapons, unfitting armour, see invisible, speed 3
a: no special abilities


You were on level 1 of the Dungeon.
You visited 1 branch of the dungeon, and saw 1 of its levels.

You collected 25 gold pieces.


Innate Abilities, Weirdness & Mutations

You are very small and have problems with some larger weapons.
You are too small for most types of armour.
You have supernaturally acute eyesight. (SInv)
You cover ground extremely quickly. (Speed+++)


   Skills:
 - Level 1.5 Fighting
 - Level 4.0 Ranged Weapons
 + Level 3.3 Dodging
 - Level 1.5 Stealth


You couldn't memorise any spells.
You didn't know any spells.
Your spell library was empty.

Inventory:

Hand Weapons
 a - a +0 shortbow (weapon)
Armour
 c - a +0 robe (worn)
Scrolls
 b - a scroll of butterflies
Potions
 d - 2 potions of lignification {unknown}
 e - a potion of might {unknown}

Dungeon Overview and Level Annotations

Branches:
Dungeon (1/15)

Altars:


Message History

You kill the jackal!
A jackal comes into view.
You shoot an arrow. The arrow hits the jackal.
The jackal is moderately wounded.
You shoot an arrow. The arrow closely misses the jackal.
You shoot an arrow. The arrow closely misses the jackal. x2
The arrow hits the jackal!
You kill the jackal!
You shoot an arrow.
The arrow hits the jackal but does no damage.
The jackal is moderately wounded.
The jackal bites you.
You shoot an arrow. The arrow barely misses the jackal.
The arrow hits the kobold but does no damage.
The jackal barely misses you. The jackal misses you.
The jackal completely misses you.
You shoot an arrow. The arrow closely misses the jackal.
The jackal closely misses you. The jackal completely misses you.
The kobold throws a stone.
The stone misses you. The jackal bites you.
You shoot an arrow. The arrow hits the jackal.
The jackal is severely wounded.
The jackal bites you but does no damage.
The jackal closely misses you.
The kobold throws a stone.
The stone hits you but does no damage. The jackal barely misses you.
You shoot an arrow. The arrow closely misses the jackal.
The jackal bites you. The jackal closely misses you.
The kobold throws a stone.
The stone barely misses you. The jackal misses you.
The jackal closely misses you.
You shoot an arrow.
The arrow hits the jackal but does no damage.
The jackal is severely wounded.
The jackal closely misses you.
The kobold throws a stone.
The stone barely misses you. The jackal completely misses you.
The jackal barely misses you.
You shoot an arrow. The arrow barely misses the jackal.
The jackal completely misses you. The jackal barely misses you.
The jackal misses you. The kobold hits you with a +0 dagger.
You shoot an arrow. The arrow barely misses the jackal.
The jackal bites you.
You die...

#.#############.#.#..#
#.############..#
#..............##
#..............#
#............##
#............#
+............+
#............#
######@h........+
#......Kh....#####
#............#
#.^!.........#
#.:.......)%.#
#..............
#######+##.~~~. .~_~.


You could see 2 jackals and a kobold.

Vanquished Creatures
  A hobgoblin (D:1)
  2 jackals (D:1)
  A frilled lizard (D:1)
4 creatures vanquished.

Notes
Turn   | Place    | Note
-------+----------+-------------------------------------------
     0 | D:1      | qw the Spriggan Hunter began the quest for the Orb.
     0 | D:1      | Reached XP level 1. HP: 10/10 MP: 2/2
     0 | D:1      | 0 ||| qw: Version: 0.3-a-160-g6735b56
     0 | D:1      | 0 ||| qw: Game counter: 6136
     0 | D:1      | 0 ||| qw: Melee chars always use a shield: true
     0 | D:1      | 0 ||| qw: God list: Okawaru
     0 | D:1      | 0 ||| qw: Allow faded altars: false
     0 | D:1      | 0 ||| qw: Do Orc after clearing Dungeon:15 true
     0 | D:1      | 0 ||| qw: Do second Lair branch before Depths: true
     0 | D:1      | 0 ||| qw: Lair rune preference: random
     0 | D:1      | 0 ||| qw: Goals: Normal
     0 | D:1      | 0 ||| PLANNING D:1-11
   116 | D:1      | Reached skill level 3 in Dodging
   129 | D:1      | Found a faded altar of an unknown god.
   142 | D:1      | HP: 1/10 [kobold/+0 dagger (4)]
   143 | D:1      | Slain by a jackal

Levels and vault maps discovered:
D:1:      ldierk_walled_garden_2, layout_basic,
          hellmonk_ecumenical_altar_pennies_from_heaven, st_stairs_14

Skill      XL: |  1 |
---------------+----+-----
Dodging        | 3 |  3.3
Fighting       | |  1.5
Ranged Weapons | |  4.0
Stealth        | |  1.5

Action                     || total
---------------------------++-------
   Fire: Shortbow          ||    16
 Armour: Robe              ||     7
  Dodge: Dodged            ||    19

Table legend:
 A = Non-vault XP
 B = Vault XP
 C = Vault XP percentage of total XP
 D = Non-vault monster count
 E = Vault monster count
 F = Vault count percentage of total count
                 A         B        C        D         E       F
            +---------+---------+-------+---------+---------+-------
      Total |       7 |       0 |   0.0 |       4 |       0 |   0.0
            +---------+---------+-------+---------+---------+-------
        D:1 |       7 |       0 |   0.0 |       4 |       0 |   0.0
            +---------+---------+-------+---------+---------+-------
